 Dungeon Crawl Stone Soup version 0.32-a0-871-ge202e49faa (webtiles) character file.

Game seed: 15222309990149764413

1617 KennySheep the Firebug (level 8, -8/46 HPs)
             Began as a Deep Elf Cinder Acolyte on Mar 29, 2024.
             Was a Priest of Ignis.
             Mangled by an ogre
             ... wielding a +0 giant club
              (19 damage)
             ... on level 6 of the Dungeon.
             The game lasted 00:18:06 (6668 turns).

KennySheep the Firebug (Deep Elf Cinder Acolyte)    Turns: 6668, Time: 00:18:06

Health: -8/46      AC: 10    Str: 11    XL:     8   Next: 64%
Magic:  9/20       EV: 10    Int: 22    God:    Ignis [***...]
Gold:   355        SH:  0    Dex: 10    Spells: 11/21 levels left

rFire   + . .        a - staff of alchemy
rCold   . . .        (no shield)
rNeg    . . .        p - +0 robe
rPois   +            r - +0 helmet
rElec   .            (no cloak)
rCorr   .            (no gloves)
SInv    .            (no boots)
Will    .....        q - amulet of regeneration
Stlth   +            (no ring)
HPRegen 1.07/turn    (no ring)
MPRegen 0.17/turn

%: no passive effects
@: fiery-armoured
A: no striking features
a: Renounce Religion, Fiery Armour, Foxfire Swarm, Rising Flame


You were on level 6 of the Dungeon.
You worshipped Ignis.
Ignis was most pleased with you.
You visited 2 branches of the dungeon, and saw 7 of its levels.
You also visited: Sewer and Ossuary.

You collected 355 gold pieces.

Inventory:

Hand Weapons
 b - a +2 dagger of flaming
 f - a +0 short sword of flaming
 h - a +0 quarterstaff
Armour
 p - a +0 robe (worn)
 r - a +0 helmet (worn)
Magical Staves
 a - a staff of alchemy (weapon)
Jewellery
 q - an amulet of regeneration (around neck)
 x - a ring of protection from fire
Wands
 v - a wand of iceblast (6)
Scrolls
 c - 5 scrolls of fear
 d - 2 scrolls of immolation
 g - 3 scrolls of summoning
 k - a scroll of fog
 m - a scroll of blinking
 n - 2 scrolls of enchant weapon
 s - 2 scrolls of poison {unknown}
 u - 3 scrolls of identify
 w - 2 scrolls of amnesia
Potions
 e - a potion of lignification {unknown}
 i - a potion of invisibility {unknown}
 j - a potion of attraction {unknown}
 l - 5 potions of enlightenment
 o - a potion of curing
 t - 4 potions of heal wounds {unknown}
 z - a potion of resistance {unknown}


   Skills:
 - Level 3.5 Fighting
 - Level 3.0 Short Blades
 + Level 7.2 Spellcasting
 + Level 7.6 Fire Magic
 * Level 6.9 Alchemy


You had 11 spell levels left.
You knew the following spells:

 Your Spells              Type           Power      Damage    Failure   Level
a - Scorch                Fire           82%        2d8       1%          2
b - Sticky Flame          Fire/Alch      56%        2d10      4%          4
c - Ignite Poison         Fire/Alch      56%        N/A       4%          4

Your spell library contained the following spells:

 Spells                   Type           Power      Damage    Failure   Level
 Cigotuvi's Dreadful Rot  Necr/Alch/Air  54%        N/A       4%          2
 Inner Flame              Hex/Fire       24%        N/A       4%          3
 Flame Wave               Conj/Fire      24%        2d8       17%         4
 Freezing Cloud           Conj/Ice/Air   3%         6-21      92%         5
 Malign Gateway           Summ/Tloc      3%         N/A       100%        7
 Summon Horrible Things   Summ           3%         N/A       100%        8


Dungeon Overview and Level Annotations

Branches:
Dungeon (6/15)             Temple (1/1) D:4           Sewer (visited)
Ossuary (visited)

Altars:
Cheibriados
Dithmenos
Elyvilon
Makhleb
Qazlal
Trog
Uskayaw
Xom
Yredelemnul
Zin
The Shining One

Shops:
D:1 =   D:4 (


Message History

The ogre barely misses you.
Casting: Scorch (safe; 1% risk of failure)
Press: ? - help, Q - select action, (/) - cycle Dir - look around, f - activate Flames lash the gnoll.
The gnoll is heavily wounded.
The gnoll's fire resistance burns away.
The howler monkey hoots and howls with incredible vigour!
A gnoll comes into view. It is wielding a +0 spear.
Casting: Scorch (safe; 1% risk of failure)
Confirm with . or Enter, or press ? or * to list all spells.
Aiming: Sticky Flame (dangerous; 4% risk of failure)
Press: ? - help, Shift-Dir - straight line, f - ogre
Aim: an ogre, wielding a +0 giant club You feel a surge of power!
The sticky flame hits the ogre!
The ogre is moderately wounded.
The ogre burns!
The ogre hits you with a +0 giant club!!
Ouch! That really hurt!
The howler monkey hits you!
* * * LOW HITPOINT WARNING * * *
A gnoll comes into view. It is wielding a +0 whip.
The ogre burns!
A gnoll bouda comes into view. It is wielding a +0 club.
The ogre shakes off the sticky flame as it moves.
There is a stone staircase leading up here.
A protective cloak of flame settles atop you.
The howler monkey hits you.
* * * LOW HITPOINT WARNING * * *
The howler monkey is burned by your cloak of flames.
The howler monkey is burned terribly!
The howler monkey is severely wounded.
The gnoll hits you with a +0 whip.
* * * LOW HITPOINT WARNING * * *
The gnoll is burned by your cloak of flames.
The gnoll is burned terribly!
The gnoll is severely wounded.
A gnoll comes into view. It is wielding a +0 club.
The ogre hits you with a +0 giant club!!
You die...
Ignis goes out, and joins you in death.

#.#........#
##..........#
............ #
#..........#
#.#.#.......##
#.............
##$............
#......hO#
....gg.g@#
#..g##.#..# #..
#.#.## # #.##.
#. #. #g . .. #


You could see an ogre, a gnoll bouda, a howler monkey (combustible) and 3
gnolls.

Vanquished Creatures
  Grinder (D:5)
  Eustachio (D:4)
  An ice beast (D:6)
  An ogre (D:5)
  An elf zombie (Ossuary)
  A howler monkey (D:5)
  2 bombardier beetles (D:5)
  5 centaur zombies (Ossuary)
  A human zombie (Ossuary)
  2 orc priests (D:4)
  4 hounds (D:5)
  A sleepcap (D:5)
  Jessica (D:2)
  4 orc wizards
  8 hound zombies (Ossuary)
  2 mummies (Ossuary)
  10 adders
  2 river rats (Sewer)
  A white imp (D:5)
  5 adder zombies (Ossuary)
  6 ribbon worms
  2 dart slugs
  14 orcs
  11 ball pythons
  12 bats
  7 endoplasms
  5 giant cockroaches
  5 goblins
  5 hobgoblins
  6 jackals
  7 kobolds
  2 quokkas
  9 frilled lizards
  4 gnoll zombies (Ossuary)
  5 jackal zombies (Ossuary)
  3 kobold zombies (Ossuary)
  5 orc zombies (Ossuary)
  4 rats
166 creatures vanquished.

Vanquished Creatures (others)
  44 foxfires
44 creatures vanquished.

Grand Total: 210 creatures vanquished

Notes
Turn   | Place    | Note
-------+----------+-------------------------------------------
     0 | D:1      | KennySheep the Deep Elf Cinder Acolyte began the quest for
                  | the Orb.
     0 | D:1      | Reached XP level 1. HP: 13/13 MP: 5/5
   223 | D:1      | Reached XP level 2. HP: 18/18 MP: 7/7
   226 | D:1      | Learned a level 2 spell: Scorch
   393 | D:1      | Found Naujo's Jewellery Boutique.
   979 | D:2      | Reached XP level 3. HP: 12/22 MP: 2/9
  1373 | D:2      | Noticed Jessica
  1376 | D:2      | Killed Jessica
  1377 | D:2      | Reached XP level 4. HP: 14/27 MP: 5/11
  2160 | D:3      | Found a glowing drain.
  2174 | Sewer    | Entered a sewer
  2196 | Sewer    | HP: 1/28 [poisoned by an adder]
  2378 | Sewer    | Reached XP level 5. HP: 32/32 MP: 6/13
  2647 | Sewer    | Reached skill level 5 in Fire Magic
  3806 | D:4      | Reached skill level 5 in Spellcasting
  3815 | D:4      | Reached XP level 6. HP: 4/37 MP: 2/15
  4048 | D:4      | Learned a level 4 spell: Sticky Flame
  4056 | D:4      | Found Ydgha Vey's Antique Weapon Boutique.
  4101 | D:4      | Noticed Eustachio
  4106 | D:4      | Killed Eustachio
  4107 | D:4      | Reached skill level 1 in Alchemy
  4107 | D:4      | Found a white marble altar of Elyvilon.
  4112 | D:4      | Found a glowing silver altar of Zin.
  4112 | D:4      | Found a glowing golden altar of the Shining One.
  4139 | D:4      | Found a sand-covered staircase.
  4144 | Ossuary  | Entered an ossuary
  4410 | Ossuary  | Reached XP level 7. HP: 37/41 MP: 1/17
  5149 | Ossuary  | Learned a level 4 spell: Ignite Poison
  5308 | D:4      | Found a staircase to the Ecumenical Temple.
  5317 | Temple   | Entered the Ecumenical Temple
  5511 | D:4      | Reached skill level 5 in Alchemy
  5707 | D:5      | Entered Level 5 of the Dungeon
  5799 | D:5      | Reached XP level 8. HP: 44/46 MP: 14/19
  6269 | D:5      | Noticed Grinder
  6285 | D:5      | Killed Grinder
  6668 | D:6      | Mangled by an ogre

Illustrated notes

Levels and vault maps discovered:
D:1:      heliophobic_arrival_enchanted_forest, layout_loops_ring, serial_shops,
          nicolae_shop_window_shopping, hangedman_abyss_or_decor_stabs
D:2:      layout_loops_ring, uniq_jessica
D:3:      layout_basic, cheibrodos_sewer_entry_bend, palyth_stone_intersect,
          grunt_decor_cap
D:4:      cheibrodos_pilgrimage, layout_rooms, good_gods_temple_1,
          minmay_temple_entry_purple_smoke, serial_shops, shop, enter_ossuary_2,
          hangedman_decor_opposing, uniq_eustachio
D:5:      layout_rooms, uniq_grinder
D:6:      layout_loops_ring, mainiacjoe_overflow_small_starburst, st_stairs_6,
          minmay_misc_feat_secret_circle
Temple:   hellmonk_temple_rainy

Skill      XL: |  1  2  3  4  5  6  7  8 |
---------------+-------------------------+-----
Spellcasting   | 2 3 4 5 6 7 |  7.2
Fire Magic     | 4 5 6 7 |  7.6
Fighting       | 3 |  3.5
Alchemy        | 2 5 6 |  6.9
Short Blades   | |  3.0

Action                     |  1- 3 |  4- 6 |  7- 9 || total
---------------------------+-------+-------+-------++-------
  Melee: Short sword       |    58 |    36 |       ||    94
         Dagger            |       |    61 |    75 ||   136
   Cast: Scorch            |    20 |    86 |    88 ||   194
         Sticky Flame      |       |     1 |     1 ||     2
 Invoke: Foxfire Swarm     |     1 |     2 |       ||     3
         Fiery Armour      |       |     1 |     2 ||     3
    Use: Potion            |     1 |     1 |       ||     2
         Scroll            |     2 |     8 |       ||    10
   Stab: Sleeping          |       |     1 |       ||     1
 Armour: Robe              |    40 |   124 |   121 ||   285
  Dodge: Dodged            |    33 |    98 |    93 ||   224

Table legend: (Time is in decaauts)
 A = Elapsed time spent in this place.
 B = Non-inter-level travel time spent in this place.
 C = Inter-level travel time spent in this place.
 D = Time resting spent in this place.
 E = Time spent auto-exploring this place.
 F = Levels seen in this place.
 G = Mean time per level.
                   A        B        C        D        E       F      G
               +--------+--------+--------+--------+--------+-----+--------+
         Total |   6824 |   6714 |    110 |   1163 |   4455 |   9 |  758.2 |
       Dungeon |   4535 |   4425 |    110 |    226 |   3532 |   6 |  755.8 |
        Temple |      1 |      1 |      0 |      0 |      0 |   1 |    1.0 |
         Sewer |   1249 |   1249 |      0 |    303 |    779 |   1 | 1249.0 |
       Ossuary |   1038 |   1038 |      0 |    634 |    143 |   1 | 1038.0 |
               +--------+--------+--------+--------+--------+-----+--------+

Top non-repeatable levels by time:
   Sewer: 1249 daAuts
 Ossuary: 1038 daAuts
     D:4: 985 daAuts
     D:1: 961 daAuts
     D:2: 917 daAuts
     D:5: 871 daAuts
     D:3: 790 daAuts
     D:6: 7 daAuts
  Temple: 1 daAuts
